 Dungeon Crawl Stone Soup version 0.21-b1-21-g86478ac (console) character file.

2637 hilaritas the Cleaver (level 9, -2/117 HPs)
             Began as a Centaur Gladiator on Jan 4, 2018.
             Slain by a manticore (8 damage)
             ... on level 6 of the Dungeon.
             The game lasted 00:15:32 (6092 turns).

hilaritas the Cleaver (Centaur Gladiator)           Turns: 6092, Time: 00:15:33

Health: -2/117     AC: 24    Str: 19    XL:     9   Next: 35%
Magic:  9/9        EV:  1    Int:  7    God:
Gold:   331        SH:  0    Dex: 16    Spells: 8/8 levels left

rFire    . . .     SeeInvis .   a - +1 war axe
rCold    . . .     Gourm    .   (no shield)
rNeg     + + +     Faith    .   (armour currently unavailable)
rPois    +         Spirit   .   (helmet currently unavailable)
rElec    .         Reflect  .   (cloak currently unavailable)
rCorr    .         Harm     .   (gloves currently unavailable)
MR       .....     NoTele   +   (no barding)
Stlth    +.........             (no amulet)
HPRegen  0.29/turn              j - +4 ring of dexterity
MPRegen  0.11/turn              o - ring of poison resistance

@: tree-form
A: large
a: no special abilities


You were on level 6 of the Dungeon.
You were hungry.
You were a tree.
You visited 1 branch of the dungeon, and saw 6 of its levels.
You also visited: Sewer.

You collected 331 gold pieces.

Inventory:

Hand Weapons
 a - a +1 war axe (weapon)
 l - a +0 whip of electrocution
 s - a +0 war axe
Missiles
 d - 3 throwing nets (quivered)
Armour
 c - a +1 helmet (melded)
 i - a +2 robe of positive energy (melded)
 k - a +0 pair of gloves (melded)
 y - a +0 buckler
Jewellery
 j - a +4 ring of dexterity (left branch)
 o - a ring of poison resistance (right branch)
Wands
 m - a wand of digging (18)
Scrolls
 b - a scroll of blinking
 q - 2 scrolls of enchant armour
 t - 3 scrolls of remove curse
 u - a scroll of enchant weapon
 w - 2 scrolls of fear
Potions
 e - 2 potions of heal wounds
 g - 2 potions of cancellation
 h - a potion of curing
 n - a potion of magic
 p - a potion of resistance
 v - 2 potions of might
 x - 2 potions of haste
 z - a potion of flight
Comestibles
 f - 13 rations
 A - 4 chunks of flesh


   Skills:
 * Level 6.5 Fighting
 - Level 10.0 Axes
 - Level 2.1 Throwing
 * Level 1.9 Armour
 + Level 2.9 Dodging


You had 8 spell levels left.
You didn't know any spells.

Dungeon Overview and Level Annotations

Branches:
Dungeon (6/15)
 Temple: D:4-7

Altars:
Elyvilon
Kikubaaqudgha
The Shining One


Innate Abilities, Weirdness & Mutations

((You have hooves in place of feet.))
((Armour fits poorly on your strangely shaped body.))
((You cover ground very quickly.))
((You have extremely tough skin. (AC +3)))


Message History

* * * LOW HITPOINT WARNING * * *
The manticore claws you.
* * * LOW HITPOINT WARNING * * *
The manticore claws you but does no damage.
You are feeling hungry.
You hit the manticore.
The manticore is moderately wounded.
The manticore bites you but does no damage.
The manticore claws you but does no damage. x2
You slash the manticore!
The manticore is severely wounded.
The manticore bites you.
* * * LOW HITPOINT WARNING * * *
The manticore claws you but does no damage. x2
You slash the manticore!
The manticore is severely wounded.
The manticore bites you but does no damage.
The manticore claws you but does no damage.
The manticore claws you!
You die...

#.##..##....[##..##.#.....####.#
#.##..##.....##..##.......>....#
##.##..##...#.##..####.....######
...##..............# ##...##
.#.................####.<.#
...###.#.##.##...........#.# #.##
#.#.##.##.....####...## #.#
#......######## ##.## #.#
###.##.## .#? #.# #.# #.##..#
#H##.# #.# #.# #.....###♣..# #.#
#### #.# ####..##.##.# #.# #...
#.# #....## .# #.# #.## #.####
#..##.# # #.# #.# #....######.##
## #.# #.# ........†...##########
#)# #.# ####.######..........#
#)# #.# #
#.######..#######.###)#####.# #
#.........# #...........# #
##..##...... #..##.......#
###......##.### #..#######.##


You could see a manticore.

Vanquished Creatures
  A hippogriff (D:6)
  Sigmund (D:2)
  A hungry ghost (D:5)
  Edmund (D:5)
  Menkaure (D:5)
  An orc warrior (D:6)
  A phantom (D:6)
  2 centaurs (D:5)
  4 bullfrogs
  Blork the orc (D:4)
  4 scorpions
  A howler monkey (D:4)
  A crimson imp (D:5)
  3 orc priests
  A bullfrog zombie (D:6)
  A hound (D:4)
  A jelly (D:5)
  A gnoll shaman (D:4)
  An iguana (D:5)
  Terence (D:2)
  8 orc wizards
  7 worker ants
  A hound skeleton (D:4)
  Robin (D:4)
  3 gnolls (D:4)
  10 adders
  9 oozes
  An adder zombie (D:5)
  3 worms
  A dart slug (D:5)
  15 leopard geckos
  21 orcs
  11 bats
  11 giant cockroaches
  9 goblins
  11 hobgoblins
  10 jackals
  3 quokkas
  7 ball pythons
  17 frilled lizards
  8 kobolds
  A leopard gecko skeleton (D:5)
  A leopard gecko zombie (D:4)
  A quokka zombie (D:5)
  4 rats
203 creatures vanquished.

Vanquished Creatures (others)
  A quokka (D:2)
1 creature vanquished.

Grand Total: 204 creatures vanquished

Notes
Turn   | Place    | Note
-------+----------+-------------------------------------------
     0 | D:1      | hilaritas the Centaur Gladiator began the quest for the Orb.
     0 | D:1      | Reached XP level 1. HP: 17/17 MP: 1/1
   192 | D:1      | Reached skill level 3 in Axes
   220 | D:1      | Reached XP level 2. HP: 22/24 MP: 2/2
  1049 | D:2      | Noticed Sigmund
  1076 | D:2      | Killed Sigmund
  1076 | D:2      | Reached skill level 5 in Axes
  1076 | D:2      | Reached XP level 3. HP: 15/30 MP: 3/3
  1076 | D:2      | Reached XP level 4. HP: 19/37 MP: 4/4
  1076 | D:2      | Reached XP level 5. HP: 21/42 MP: 5/5
  1258 | D:2      | Found a white marble altar of Elyvilon.
  1285 | D:2      | Noticed Terence
  1292 | D:2      | Killed Terence
  1915 | D:3      | Reached XP level 6. HP: 45/50 MP: 6/6
  1919 | D:3      | Reached skill level 6 in Axes
  2038 | D:3      | Found a glowing drain.
  2047 | Sewer    | Entered a sewer
  2524 | Sewer    | Reached skill level 7 in Axes
  2524 | Sewer    | Reached XP level 7. HP: 35/57 MP: 7/7
  3076 | D:3      | Found a faded altar of an unknown god.
  3150 | D:4      | Found a glowing golden altar of the Shining One.
  3485 | D:4      | Noticed Robin
  3493 | D:4      | Killed Robin
  3793 | D:4      | Reached skill level 8 in Axes
  4147 | D:4      | Noticed Blork the orc
  4160 | D:4      | Killed Blork the orc
  4160 | D:4      | Reached XP level 8. HP: 54/66 MP: 8/8
  4352 | D:5      | Entered Level 5 of the Dungeon
  4422 | D:5      | Reached skill level 9 in Axes
  4707 | D:5      | Found an ancient bone altar of Kikubaaqudgha.
  4709 | D:5      | Noticed Menkaure
  4715 | D:5      | Killed Menkaure
  4981 | D:5      | Reached skill level 10 in Axes
  5227 | D:5      | Noticed Edmund
  5239 | D:5      | Killed Edmund
  5239 | D:5      | Reached skill level 5 in Fighting
  5448 | D:5      | Reached XP level 9. HP: 72/74 MP: 9/9
  5540 | D:6      | Reached skill level 1 in Armour
  6077 | D:6      | Noticed a manticore
  6088 | D:6      | HP: 3/117 [manticore (9)]
  6092 | D:6      | Slain by a manticore

Skill      XL: |  1  2  3  4  5  6  7  8  9 |
---------------+----------------------------+-----
Axes           | 3 5 7 8 10 | 10.0
Fighting       | 3 5 6 |  6.5
Armour         | 1 |  1.9
Throwing       | |  2.1
Dodging        | |  2.9

Action                   |  1- 3 |  4- 6 |  7- 9 || total
-------------------------+-------+-------+-------++-------
Melee: War axe           |    65 |   150 |   282 ||   497
       Kick              |     8 |    37 |    98 ||   143
  Use: Scroll            |     4 |    10 |     6 ||    20
       Potion            |       |       |     4 ||     4
 Stab: Distracted        |       |       |     1 ||     1
       Sleeping          |       |       |     1 ||     1
  Eat: Chunk             |       |     4 |    12 ||    16
Armor: Leather armour    |    31 |       |       ||    31
       Robe              |       |    92 |    97 ||   189
       Skin              |       |       |    10 ||    10
Dodge: Dodged            |    39 |    80 |   153 ||   272
